 Dungeon Crawl Stone Soup version 0.31-a0-672-g7da72447bb (webtiles) character file.

Game seed: 3266172150159546600

5 bjtr the Digger (level 1, -3/10 HPs)
             Began as a Gargoyle Earth Elementalist on Sept 4, 2023.
             Slain by a gnoll
             ... wielding a +0 spear
              (5 damage)
             ... on level 1 of the Dungeon.
             The game lasted 00:00:52 (196 turns).

bjtr the Digger (Gargoyle Earth Elementalist)        Turns: 196, Time: 00:00:53

Health: -3/10      AC:  5    Str: 11    XL:     1   Next: 80%
Magic:  0/3        EV: 11    Int: 15    God:
Gold:   0          SH:  0    Dex: 10    Spells: 3/4 levels left

rFire   . . .        g - +0 short sword
rCold   . . .        (no shield)
rNeg    + . .        a - +0 robe
rPois   ∞            (no helmet)
rElec   +            e - +0 cloak
rCorr   .            (no gloves)
SInv    .            (no boots)
Will    .....        (no amulet)
Stlth   ++           (no ring)
HPRegen 0.21/turn    (no ring)
MPRegen 0.08/turn

%: no passive effects
@: no status effects
A: sickness immunity, AC +2, negative energy resistance 1, electricity
resistance, torment resistance 1, petrification resistance
a: no special abilities


You were on level 1 of the Dungeon.
You visited 1 branch of the dungeon, and saw 1 of its levels.

Inventory:

Hand Weapons
 g - a +0 short sword (weapon)
Armour
 a - a +0 robe (worn)
 e - a +0 cloak (worn)
Scrolls
 c - a scroll of blinking {unknown}
 d - a scroll of poison {unknown}
 f - a scroll of identify {unknown}
Potions
 b - a potion of magic


   Skills:
 - Level 1.5 Dodging
 - Level 2.1 Stealth
 + Level 2.1 Spellcasting
 - Level 0.7 Transmutations
 + Level 4.0 Earth Magic


You had 3 spell levels left.
You knew the following spells:

 Your Spells              Type           Power      Damage    Failure   Level
a - Sandblast             Erth           26%        2d8       4%          1

Your spell library contained the following spells:

 Spells                   Type           Power      Damage    Failure   Level
 Passwall                 Tmut/Erth      6%         N/A       13%         2
 Stone Arrow              Conj/Erth      14%        3d7       28%         3
 Petrify                  Tmut/Erth      8%         N/A       63%         4


Dungeon Overview and Level Annotations

Branches:
Dungeon (1/15)

Altars:


Innate Abilities, Weirdness & Mutations

You are immune to sickness and miasma.
Your stone body is resilient. (AC +2)
You are immune to poison.
You resist negative energy. (rN+)
You are resistant to electric shocks. (rElec)
You are resistant to unholy torment.
You are immune to petrification.


Message History

The blast of sand hits the giant cockroach!
You kill the giant cockroach!
HP restored.
Found a short sword.
A gnoll comes into view. It is wielding a +0 spear.
The gnoll shouts!
You hear a shout!
An endoplasm comes into view.
The endoplasm quivers.
Casting: Sandblast (safe; 4% risk of failure)
Confirm with . or Enter, or press ? or * to list all spells.
Aiming: Sandblast (safe; 4% risk of failure)
Press: ? - help, Shift-Dir - straight line, f - gnoll
Aim: a gnoll, wielding a +0 spear (84% to hit)
The blast of sand hits the gnoll.
The gnoll is moderately wounded.
The gnoll hits you from afar with a +0 spear.
The endoplasm attacks as it pursues you!
The endoplasm barely misses you.
Casting: Sandblast (safe; 4% risk of failure)
Confirm with . or Enter, or press ? or * to list all spells.
Aiming: Sandblast (safe; 4% risk of failure)
Press: ? - help, Shift-Dir - straight line, f/p - gnoll
Aim: a gnoll, wielding a +0 spear (moderately wounded, 84% to hit)
The blast of sand hits the endoplasm.
You kill the endoplasm!
The gnoll misses you.
Your Earth Magic skill increases to level 4!
Casting: Sandblast (safe; 4% risk of failure)
Confirm with . or Enter, or press ? or * to list all spells.
Aiming: Sandblast (safe; 4% risk of failure)
Press: ? - help, Shift-Dir - straight line, f/p - gnoll
Aim: a gnoll, wielding a +0 spear (moderately wounded, 84% to hit)
The blast of sand hits the gnoll.
The gnoll is heavily wounded.
The gnoll hits you from afar with a +0 spear.
Ouch! That really hurt!
* * * LOW HITPOINT WARNING * * *
The gnoll hits you from afar with a +0 spear.
Ouch! That really hurt!
You die...

##### ....#
#.#.# #.#.#
##.###.#.###
......g.@..#
#..###.#^..##
###......#
.........#
###....).###
...........#
###.##..##.#
#? #..##.## #
#..#...#######


You could see a gnoll.

Vanquished Creatures
  2 endoplasms (D:1)
  A giant cockroach (D:1)
  2 kobolds (D:1)
5 creatures vanquished.

Notes
Turn   | Place    | Note
-------+----------+-------------------------------------------
     0 | D:1      | bjtr the Gargoyle Earth Elementalist began the quest for
                  | the Orb.
     0 | D:1      | Reached XP level 1. HP: 10/10 MP: 3/3
   196 | D:1      | Reached skill level 4 in Earth Magic
   196 | D:1      | Slain by a gnoll

Illustrated notes

Levels and vault maps discovered:
D:1:      eino_arrival_water_cross, layout_loops_ring,
          shapermc_ecumenical_altar_gd

Skill      XL: |  1 |
---------------+----+-----
Earth Magic    | 4 |  4.0
Dodging        | |  1.5
Stealth        | |  2.1
Spellcasting   | |  2.1
Transmutations | |  0.7

Action                     || total
---------------------------++-------
  Melee: Short sword       ||     2
   Cast: Sandblast         ||     8
 Armour: Robe              ||     5
  Dodge: Dodged            ||     3

Table legend: (Time is in decaauts)
 A = Elapsed time spent in this place.
 B = Non-inter-level travel time spent in this place.
 C = Inter-level travel time spent in this place.
 D = Time resting spent in this place.
 E = Time spent auto-exploring this place.
 F = Levels seen in this place.
 G = Mean time per level.
                   A        B        C        D        E       F      G
               +--------+--------+--------+--------+--------+-----+--------+
         Total |    199 |    199 |      0 |      0 |    145 |   1 |  199.0 |
       Dungeon |    199 |    199 |      0 |      0 |    145 |   1 |  199.0 |
               +--------+--------+--------+--------+--------+-----+--------+

Top non-repeatable levels by time:
     D:1: 199 daAuts
